 Dungeon Crawl Stone Soup version 0.23.1 (webtiles) character file.

Game seed: 15089016838340342636

22 Borgoz the Sneak (level 2, -1/20 HPs)
             Began as a Ghoul Enchanter on Mar 13, 2019.
             Killed by divine providence
             ... invoked by an orc priest
              (11 damage)
             ... on level 2 of the Dungeon.
             The game lasted 00:02:04 (733 turns).

Borgoz the Sneak (Ghoul Enchanter)                   Turns: 733, Time: 00:02:05

Health: -1/20      AC:  2    Str: 11    XL:     2   Next: 91%
Magic:  2/3        EV: 12    Int: 10    God:
Gold:   43         SH:  0    Dex:  9    Spells: 1/4 levels left

rFire    . . .     SeeInvis .   j - +0 short sword
rCold    + . .     Gourm    .   (no shield)
rNeg     + + +     Faith    .   b - +0 robe
rPois    ∞         Spirit   .   (no helmet)
rElec    .         Reflect  .   (no cloak)
rCorr    .         Harm     .   (no gloves)
MR       .....                  (no boots)
Stlth    +.........             e - amulet of the acrobat
HPRegen  0.00/turn              (no ring)
MPRegen  0.08/turn              (no ring)

@: confused, rotting
A: rotting body, claws 1, carnivore, cold resistance 1, negative energy
resistance 3, inhibited regeneration, torment resistance, unbreathing
a: no special abilities


You were on level 2 of the Dungeon.
You were not hungry.

You visited 1 branch of the dungeon, and saw 2 of its levels.

You collected 43 gold pieces.

Inventory:

Hand Weapons
 j - a +0 short sword (weapon)
Armour
 b - a +0 robe (worn)
Jewellery
 e - an amulet of the acrobat (around neck)
Scrolls
 a - a scroll of identify {unknown}
 f - 3 scrolls of teleportation {unknown}
 h - a scroll of enchant weapon {unknown}
 i - a scroll of fear {unknown}
Comestibles
 d - a ration


   Skills:
 + Level 1.4 Short Blades
 * Level 1.4 Armour
 + Level 2.1 Dodging
 - Level 3.2 Stealth
 - Level 1.7 Spellcasting
 - Level 2.4 Hexes


You had one spell level left.
You knew the following spells:

 Your Spells              Type           Power        Failure   Level  Hunger
a - Corona                Hex            #......      12%         1    ##.....
b - Ensorcelled Hibernat  Hex/Ice        #.....       30%         2    ###....

Your spell library contained the following spells:

 Spells                   Type           Power        Failure   Level  Hunger
 Confuse                  Hex            #.......     34%         3    ####...
 Tukima's Dance           Hex            #.......     34%         3    ####...
 Dazzling Spray           Conj/Hex       #.....       52%         3    ####...


Dungeon Overview and Level Annotations

Branches:
Dungeon (1/15)

Altars:


Innate Abilities, Weirdness & Mutations

Your body is rotting away.
You thrive on raw meat.
You are immune to poison.
You have sharp fingernails.
You are carnivorous and can eat meat at any time.
Your flesh is cold resistant. (rC+)
You are immune to negative energy. (rN+++)
You do not regenerate when monsters are visible.
You are immune to unholy pain and torment.
You can survive without breathing.


Message History

You hit something. Something hits you.
You barely miss something. Something hits you.
You hear some strange, mumbled words.
A puff of flame appears from out of thin air!
The puff of flame hits you!
* * * LOW HITPOINT WARNING * * *
Eat one of 2 chunks of flesh? (ye/n/q)
You eat one of the 2 chunks of flesh.
This raw flesh tastes great!
Eat a chunk of flesh? (ye/n/q)
You eat the chunk of flesh.
This raw flesh tastes great!
Something barely misses you.
The orc priest begins to cast a cantrip, but forgets the words!
You hear some strange, mumbled words.
You are confused.
You bump into the rock wall.
You're too confused to move!
The orc priest invokes the aid of Beogh against you.
Beogh smites you!
Ouch! That really hurt!
You die...

....## ... ...... ..#
#.....##.## #......#..####
..##..###o.o....## #.
........###......# #.#
#.#.#....###...###.#######.#
#......#÷..o##..##.##....#.#
###.##.####o..@..#.##....#.#
#. #...#####......#....#.#
..### ###.# ##..........#.#
...# #.######(.........#.###
...#
#...........##........##
...#
###..###....##.......(..
.%.. #### #....##....#.####
...# #....##....#)# ...#
####.(..#######(#


You could see an orc priest and an orc.

Vanquished Creatures
  2 dart slugs (D:1)
  A leopard gecko (D:1)
  2 bats
  A giant cockroach (D:1)
  2 hobgoblins
  2 kobolds
  3 goblins (D:1)
  3 rats
16 creatures vanquished.

Notes
Turn   | Place    | Note
-------+----------+-------------------------------------------
     0 | D:1      | Borgoz the Ghoul Enchanter began the quest for the Orb.
     0 | D:1      | Reached XP level 1. HP: 14/14 MP: 2/2
    24 | D:1      | Noticed a centaur
    63 | D:1      | Reached skill level 1 in Short Blades
   318 | D:1      | Reached XP level 2. HP: 19/20 MP: 3/3
   323 | D:1      | Reached skill level 1 in Armour
   335 | D:1      | Learned a level 2 spell: Ensorcelled Hibernation
   565 | D:1      | You fall through a shaft!
   733 | D:2      | Killed from afar by an orc priest

Skill      XL: |  1  2 |
---------------+-------+-----
Short Blades   | 1 |  1.4
Armour         | 1 |  1.4
Dodging        | 2 |  2.1
Stealth        | |  3.2
Spellcasting   | |  1.7
Hexes          | |  2.4

Action                   || total
-------------------------++-------
Melee: Dagger            ||    69
       Short sword       ||     8
 Cast: Ensorcelled Hiber ||     1
  Use: Potion            ||     1
 Stab: Sleeping          ||     2
  Eat: Chunk             ||     6
Armor: Robe              ||    11
Dodge: Dodged            ||    61
